Cogmind - Beta 10.1 @@@ ROGUE MODE // 2020.09.28 @ 20:44:31 Player: cl0y-b1cks Result: Core destroyed Performance ------------- Evolutions (1) 500 Regions Visited (4) 800 Robots Destroyed (43) 215 Value Destroyed (1031) 1031 Prototype IDs (7) 140 Alien Tech Used (0) 0 Bonus (38) 38 TOTAL SCORE: 2724 Bonus ------- Follower Combat Kills 150 Friendly Fire -112 Cogmind --------- Core Integrity 0/400 Matter 103/300 Energy 486/500 System Corruption 1% Temperature Cool (6) Movement Walking (150) Ox1 Location -9/Storage Parts ------- > --- POWER (1) -------- (None) > --- PROPULSION (2) --- Aluminum Leg > --- UTILITY (4) ------ Medium Storage Unit High-capacity Battery Light Regenerative Plating > --- WEAPON (2) ------- Improved Medium Laser Mini Grenade Launcher > --- INVENTORY (8) ---- Deuterium Engine Deuterium Engine Makeshift Power Source Signal Interpreter Power Shielding Drone Bay (2/2) Minigun Datajack Peak State ------------ > --- POWER ------------ (None) > --- PROPULSION ------- Aluminum Leg Aluminum Leg > --- UTILITY ---------- Medium Storage Unit High-capacity Battery Light Regenerative Plating Drone Bay > --- WEAPON ----------- Improved Medium Laser Mini Grenade Launcher > --- INVENTORY -------- Deuterium Engine Deuterium Engine Makeshift Power Source Signal Interpreter Power Shielding Drone Bay Minigun Datajack [Rating: 22] Favorites ----------- Power Deuterium Engine Engine Deuterium Engine Propulsion Improved Aluminum Leg Treads Light Treads Leg Improved Aluminum Leg Utility Power Shielding Device Field Recycling Unit Storage High-capacity Battery Protection Power Shielding Weapon Shock Rifle Energy Gun Shock Rifle Energy Cannon Advanced Beam Cannon Ballistic Gun Minigun Launcher Mini Grenade Launcher Build | -11 -10 -10 -9 -9 ------- Run | Scr Mat Min Mat Sto Slots Evolved 2 | . . . 2 . Power . | . . . . . Propulsion . | . . . . . Utility 2 | . . . 2 . Weapon . | . . . . . Parts Attached 30 | 5 9 . 6 10 Power 4 | 2 . . 1 1 Engine 4 | 2 . . 1 1 Core . | . . . . . Reactor . | . . . . . Propulsion 8 | 3 3 . . 2 Treads 1 | 1 . . . . Leg 7 | 2 3 . . 2 Wheel . | . . . . . Hover . | . . . . . Flight . | . . . . . Utility 7 | . 3 . 2 2 Device 3 | . 1 . 1 1 Storage 2 | . 1 . 1 . Processor . | . . . . . Hackware . | . . . . . Protection 2 | . 1 . . 1 Artifact . | . . . . . Weapon 11 | . 3 . 3 5 Energy Gun 5 | . 1 . 2 2 Energy Cannon 1 | . . . . 1 Ballistic Gun 2 | . . . 1 1 Ballistic Cannon . | . . . . . Launcher 3 | . 2 . . 1 Special Weapon . | . . . . . Impact Weapon . | . . . . . Slashing Weapon . | . . . . . Piercing Weapon . | . . . . . Special Melee Weapon . | . . . . . Unidentified Prototypes 5 | . . . . 5 Parts Lost 13 | . 3 . 2 8 Power 1 | . . . . 1 Propulsion 4 | . 1 . . 3 Utility 3 | . 1 . . 2 Weapon 5 | . 1 . 2 2 Highest Loss Streak 3 | . 3 . 2 2 Average Slot Usage (%) 85 | . 61 100 94 86 Engine 11 | . 14 14 11 9 Leg 22 | . 27 28 22 19 Device 6 | . 3 . 9 7 Storage 16 | . . 14 19 22 Protection 10 | . 6 14 11 11 Energy Gun 8 | . 3 . 19 2 Energy Cannon 2 | . . . . 5 Ballistic Gun 2 | . . . . 5 Launcher 5 | . 4 28 . 3 Naked Turns . | . . . . . Heaviest Build 36 | 5 12 12 36 34 Greatest Support 26 | 20 26 26 26 26 Greatest Overweight (x) 8 | 1 . . 1 8 Average Overweight (x) . | . . . . 1 Largest Inventory Capacity 8 | 4 4 4 8 8 Average Capacity 6 | 4 4 4 7 8 Most Carried 8 | 2 3 3 5 8 Average Carried 4 | . 1 3 4 6 Final Capacity 8 | 4 4 4 8 8 Final Carried 8 | 1 3 3 4 8 Class Distribution -------------------- 100% | Mutant Dominant Class ---------------- Mutant | -10/Materials Mutant | -10/Mines Mutant | -9/Materials Mutant | -9/Storage Resources | -11 -10 -10 -9 -9 ----------- Run | Scr Mat Min Mat Sto Matter Collected 691 | 246 30 102 153 160 Remotely . | . . . . . Salvage Created 1181 | . 179 128 374 500 Parts 77 | . 12 15 22 28 Haulers Intercepted 4 | . . . 2 2 Recyclers Shooed 4 | . . 1 1 2 Parts Field Recycled . | . . . . . Retrieved Matter . | . . . . . Parts Self-Destructed . | . . . . . Prevented . | . . . . . Kills | -11 -10 -10 -9 -9 ------- Run | Scr Mat Min Mat Sto Combat Hostiles Destroyed 29 | . 7 9 3 10 Guns 8 | . 2 . 3 3 Cannons 2 | . . . . 2 AOE 19 | . 5 9 . 5 Classes Destroyed 7 | . 4 . 3 . Worker 3 | . 1 . 1 1 Hauler 4 | . . . 2 2 Recycler 3 | . 1 1 . 1 Watcher 4 | . . . 3 1 Swarmer 10 | . 3 7 . . Grunt 13 | . 4 2 1 6 Sentry 6 | . . . 2 4 Best Kill Streak 8 | . 8 3 2 4 Combat Bots Only 6 | . 6 3 1 2 Max Kills in Single Turn 3 | . 2 3 1 2 Gunslinging . | . . . . . Exploded 2 | . 2 2 . 1 Melee . | . . . . . Uniques/NPCs Destroyed . | . . . . . Combat | -11 -10 -10 -9 -9 -------- Run | Scr Mat Min Mat Sto Damage Taken 2253 | . 422 128 241 1462 Core 538 | . 110 17 31 380 Absorbed by Shields . | . . . . . Core Remaining (%) 74 | 100 . 49 . . Volleys Fired 112 | . 24 5 31 52 Largest 2 | . 1 2 2 2 Hottest 113 | . 40 60 100 113 Shots Fired 168 | . 24 10 55 79 Gun 121 | . 18 . 55 48 Cannon 19 | . . . . 19 Launcher 28 | . 6 10 . 12 Special . | . . . . . Kinetic 44 | . . . 6 38 Thermal 19 | . . . . 19 Explosive 28 | . 6 10 . 12 Electromagnetic 77 | . 18 . 49 10 Robot Hit Streak 12 | . 3 4 6 12 Robot Miss Streak 10 | . 10 1 4 4 Penetration Max . | . . . . . Secondary Targets . | . . . . . Shots Hit Robots 88 | . 9 2 29 48 Core Hits 68 | 1 15 15 12 25 Critical Hits 3 | . . . . 3 Critical Kills 1 | . . . . 1 Critical Parts Destroyed 2 | . . . . 2 Melee Attacks . | . . . . . Impact . | . . . . . Slashing . | . . . . . Piercing . | . . . . . Sneak Attacks . | . . . . . Combat Hostiles . | . . . . . Follow-up Attacks . | . . . . . Damage Inflicted 3653 | 2 597 598 716 1740 Guns 1235 | . 87 . 659 489 Cannons 248 | . . . . 248 Explosions 2097 | . 506 598 48 945 Melee . | . . . . . Ramming 73 | 2 4 . 9 58 Kinetic 421 | . . . 78 343 Thermal 371 | . . . 48 323 Explosive 1974 | . 506 598 . 870 Electromagnetic 814 | . 87 . 581 146 Impact . | . . . . . Slashing . | . . . . . Piercing . | . . . . . Highest Corruption 1 | . . . . 1 Average Corruption 1 | . . . . 1 Corruption Purged . | . . . . . Effects 1 | . . . . 1 Data Loss (minor) 1 | . . . . 1 Overload Shots . | . . . . . Overflow Damage 49 | . . . . 49 Projectiles . | . . . . . Explosions 49 | . . . . 49 Melee . | . . . . . Knockbacks . | . . . . . Impact . | . . . . . Kinetic . | . . . . . Secondary . | . . . . . Self-Inflicted Damage 325 | . . 45 . 280 Shots 8 | . . 1 . 7 Rammed 10 | 1 . . . 9 Targets Rammed 18 | 1 2 . 1 14 Kicked 8 | . 2 . 1 5 Crushed . | . . . . . Highest Temperature 402 | . 24 6 380 402 Average Temperature 97 | . 12 6 121 98 Received Heat Transfer 684 | . 177 15 84 408 Effects 5 | . . . 2 3 Shutdowns 1 | . . . 1 . Interference 1 | . . . . 1 Matter Decay 3 | . . . 1 2 Siege Activations . | . . . . . Robots Corrupted . | . . . . . Combat Hostiles . | . . . . . Parts Fried 1 | . . . 1 . Impact Corruptions . | . . . . . Robots Melted . | . . . . . Combat Hostiles . | . . . . . Parts Melted . | . . . . . Heat Transferred 544 | . . . . 544 Parts Sabotaged . | . . . . . Parts Stolen . | . . . . . Parts Stripped . | . . . . . Power Chain Reactions 2 | . . . 1 1 Missiles Intercepted . | . . . . . Alert | -11 -10 -10 -9 -9 ------- Run | Scr Mat Min Mat Sto Peak Influence 389 | . 214 389 360 184 Initial 151 | . . 83 151 101 Average 134 | . 54 190 208 106 Maximum Alert Level 1 | . 1 1 1 . Low Security (%) 78 | 100 85 50 56 100 Level 1 21 | . 14 49 43 . Level 2 . | . . . . . Level 3 . | . . . . . Level 4 . | . . . . . Level 5 . | . . . . . High Security . | . . . . . Max Security . | . . . . . Squads Dispatched 5 | . 1 . . 4 Investigation 2 | . 1 . . 1 Extermination . | . . . . . Reinforcement 3 | . . . . 3 Assault . | . . . . . Garrison . | . . . . . Intercept . | . . . . . Construction Impeded 1 | . . . . 1 Haulers Reinforced . | . . . . . Stealth | -11 -10 -10 -9 -9 --------- Run | Scr Mat Min Mat Sto Distress Signals 3 | . . . 1 2 Communications Jammed . | . . . . . Distress Signals . | . . . . . Times Spotted 57 | . 10 9 12 26 Peak Tracking Total 8 | . 6 3 2 8 Tactical Retreats 3 | . . . . 3 Traps | -11 -10 -10 -9 -9 ------- Run | Scr Mat Min Mat Sto Traps Triggered 4 | . 1 . . 3 Indirectly . | . . . . . Trap Hack Attempts . | . . . . . Triggered . | . . . . . Disarmed . | . . . . . Reprogrammed . | . . . . . Reused . | . . . . . Traps Extracted . | . . . . . Installed . | . . . . . Triggered . | . . . . . Machines | -11 -10 -10 -9 -9 ---------- Run | Scr Mat Min Mat Sto Machines Disabled 10 | . 3 2 1 4 Max in Single Turn 2 | . 1 1 1 2 Machines Sabotaged . | . . . . . Garrisons Compromised . | . . . . . Overloaded Fab Kills . | . . . . . Fab Network Shutdowns . | . . . . . Hacking | -11 -10 -10 -9 -9 --------- Run | Scr Mat Min Mat Sto Machines Accessed 9 | . 5 . 1 3 Terminals 9 | . 5 . 1 3 Fabricators . | . . . . . Repair Stations . | . . . . . Recycling Units . | . . . . . Scanalyzers . | . . . . . Garrison Access . | . . . . . Total Hacks 13 | . 8 . 1 4 Successful 5 | . 3 . . 2 Failed 8 | . 5 . 1 2 Catastrophic 3 | . 2 . . 1 Database Lockouts . | . . . . . Manual 2 | . . . . 2 Terminals 13 | . 8 . 1 4 Fabricators . | . . . . . Repair Stations . | . . . . . Recycling Units . | . . . . . Scanalyzers . | . . . . . Garrison Access . | . . . . . Terminal Hacks 5 | . 3 . . 2 Prototype ID Bank 1 | . 1 . . . Open Door 1 | . . . . 1 Unreport Threat 2 | . 1 . . 1 Locate Traps 1 | . 1 . . . Fabricator Hacks . | . . . . . Repair Station Hacks . | . . . . . Recycling Unit Hacks . | . . . . . Scanalyzer . | . . . . . Garrison Access Hacks . | . . . . . Unauthorized Hacks . | . . . . . Terminals . | . . . . . Fabricators . | . . . . . Repair Stations . | . . . . . Recycling Units . | . . . . . Scanalyzers . | . . . . . Garrison Access . | . . . . . Data Cores Recovered . | . . . . . Used . | . . . . . Hacking Detections 7 | . 4 . 1 2 Full Trace Events 1 | . . . . 1 Feedback Events . | . . . . . Feedback Blocked . | . . . . . Robot Schematics Acquired . | . . . . . Robots Built . | . . . . . Matter . | . . . . . Time . | . . . . . Total Robot Build Rating . | . . . . . Part Schematics Acquired . | . . . . . Parts Built . | . . . . . Matter . | . . . . . Time . | . . . . . Total Part Build Rating . | . . . . . Parts Repaired . | . . . . . Time . | . . . . . Parts Recycled . | . . . . . Recycled Matter . | . . . . . Retrieved Matter . | . . . . . Retrieved Components . | . . . . . Parts Scanalyzed . | . . . . . Part Schematics Acquired . | . . . . . Parts Damaged . | . . . . . Bothacking | -11 -10 -10 -9 -9 ------------ Run | Scr Mat Min Mat Sto Used RIF Installer . | . . . . . Robots Hacked . | . . . . . Non-combat . | . . . . . Combat . | . . . . . Robot Hacks Applied . | . . . . . Relay Couplers Released . | . . . . . Robots Rewired . | . . . . . Allies Hacked . | . . . . . Hacks Repelled . | . . . . . Allies | -11 -10 -10 -9 -9 -------- Run | Scr Mat Min Mat Sto Total Allies 2 | . . 2 . . Largest Group 2 | . . 2 2 2 Highest-Rated Group 46 | . . 46 46 46 Highest-Rated Ally 31 | . . 31 31 31 Total Orders 4 | . . . . 4 ROAM 2 | . . . . 2 EXPLORE 2 | . . . . 2 Ally Attacks 49 | . . 4 30 15 Total Damage 826 | . . 93 463 270 Kills 7 | . . 1 3 3 Allies Corrupted . | . . . . . Allies Melted . | . . . . . Intel | -11 -10 -10 -9 -9 ------- Run | Scr Mat Min Mat Sto Robot Analysis Total . | . . . . . Derelict Logs Recovered 1 | . . 1 . . Drone Launches 2 | . . . . 2 Drone Recoveries 2 | . . . . 2 Exploration | -11 -10 -10 -9 -9 ------------- Run | Scr Mat Min Mat Sto Turns Passed 1911 | 74 356 207 608 666 Spaces Moved 1068 | 55 226 152 348 287 Core 14 | 13 . . . 1 Treads 12 | 12 . . . . Legs 1042 | 30 226 152 348 286 Wheels . | . . . . . Hover . | . . . . . Flight . | . . . . . Fastest Speed 50 | 50 120 120 120 150 Average Speed 136 | 117 120 120 144 152 Slowest Speed 450 | 160 120 120 150 450 Overloaded Moves . | . . . . . Propulsion Burnouts . | . . . . . Robots Hopped . | . . . . . Cave-ins Triggered . | . . . . . Exploration Rate (%) 35 | 3 42 50 29 52 Regions Visited 4 Branch Regions 2 Pre-discovered Areas . | . . . . . Known Exits Taken 1 | . . . 1 . Unknown Exits Taken 3 | 1 1 1 . . Scrap Searched 1 | . . 1 . . Spaces Dug . | . . . . . Terrain Destroyed 227 | . 30 92 2 103 Melee . | . . . . . Projectile 1 | . . . . 1 AOE 226 | . 30 92 2 102 Terrain Rammed . | . . . . . Walls Destroyed . | . . . . . Machines Disabled . | . . . . . Actions | -11 -10 -10 -9 -9 --------- Run | Scr Mat Min Mat Sto Total 1343 | 62 282 166 401 432 Wait 97 | . 22 10 6 59 Move 1064 | 54 225 151 347 287 Hop . | . . . . . Pick Up 7 | 1 . . 4 2 Fast Attach 22 | 3 7 . 4 8 Attach 4 | 1 . . 1 2 Detach 5 | . . . 1 4 Swap 4 | 1 2 . 1 . Drop 6 | 1 . . 5 . Fire 112 | . 24 5 31 52 Melee . | . . . . . Ram 1 | . . . . 1 Kick 15 | . 2 . 1 12 Crush 1 | 1 . . . . Escape Stasis 5 | . . . . 5 Rewire . | . . . . . Trap . | . . . . . Miscellaneous . | . . . . . Route ------- -11/Scrapyard -10/Materials -10/Mines -9/Materials -9/Storage History --------- Turn | Location | Event 6 | -11/Scrapyard | Discovered new exit (range 14) 75 | -11/Scrapyard | Entered Materials 310 | -10/Materials | Build established: Mutant 404 | -10/Materials | Lost 3 parts (1n1u1w) 407 | -10/Materials | Discovered new exit (range 8) 431 | -10/Materials | Entered Mines 536 | -10/Mines | Core integrity fell below 50% 614 | -10/Mines | Discovered new exit (range 9) 638 | -10/Mines | Entered Materials 638 | -9/Materials | Accompanied by 2 allies 638 | -9/Materials | Evolved 2 slots: Utility x2 639 | -9/Materials | Identified exit to Storage 643 | -9/Materials | Led the pair of lost Derelicts to an unsafe place 1246 | -9/Materials | Entered Storage 1246 | -9/Storage | Accompanied by 2 allies 1716 | -9/Storage | Core integrity fell below 50% 1872 | -9/Storage | Core integrity fell below 20% 1874 | -9/Storage | Found Prototype Protection 1874 | -9/Storage | Identified Lgt. Regenerative Plating 1912 | -9/Storage | Core destroyed Last Messages --------------- 01845_ The unstable cave ceiling collapses. 01845_ Com. Wheel crushed. 01847_ K-01 Serf collects debris. 01850_ R-06 Scavenger collects Lgt. Ion Engine. 01852_ K-01 Serf collects debris. 01871_ Triggered Heavy Explosive Trap. 01871_ An explosion rips through the floor. 01874_ Acquired Prototype Protection. 01874_ Identified Lgt. Regenerative Plating. 01875_ K-01 Serf cleans the Terminal. 01887_ Slammed into K-01 Serf. 01900_ Drone Bay destroyed. 01900_ Aluminum Leg destroyed. 01901_ The unstable cave ceiling collapses. 01902_ Slammed into K-01 Serf. 01902_ Destabilizing: Core damaged (-12). 01908_ Slammed into Y-45 Defender. 01911_ Kicked Y-45 Defender out of the way. 01912_ Slammed into Y-45 Defender. 01912_ Destabilizing: Core damaged (-20). Map ----- +----------------------------------------------------+ | ?????????????????????????????????????????? | | ?????????????????????????????????????????? | | ?????????????????????????????????????????? | | ?????????????????????????????????????????? | | ?????????????????????????????????????????? | | ?????????????????????????????????????????? | | ?????????????????????????????????????????? | | ?????????????????????????????????????????? | | ?????????????????????????????????????????? | | ?????????????????????????????????????????? | | ????????????????????????? ???????????????? | | ????????????????????????? ???????????????? | | ????????????????????????? ???????????????? | | ????????????????????????? ???????????????? | | ????????????????????????? ???????????????? | | ????????????????????????? ???????????????? | | ????????????????????????# #??????????????? | | ???????????????????????? a??????????????? | | ???????????????????????? k ??????????????? | | ???????????????????????? ??????????????? | | ????????????????????????# #??????????????? | | ????????????????????????# #??????????????? | | ????????????????????????# #??????????????? | | ????????????????????????# #??????????????? | | ????????????????????????#Y#??????????????? | | ???????????????########?#@#????#?????????? | | ???????????????# #?# #??" #?????????? | | ????????????????# !!! #?# #??" #?????????? | | ???????????###### ! ! ### #?"T #?????????? | | ???????????? ## ## #?"" #?????????? | | ????????????# ## ##g# "" #?????????? | | ????????????# ### # ### # #?????????? | | ????????????+ g #?????????? | | ????????????# ### # #?????????? | | #????????#+## ###g###+###????????? | | ###?###### + #????????? | | ###"T"## ####+### """" #????????? | | # #??????# ""?????????????? | | [ * % +??????# ""??????????????? | | [ */ ###+#####??????# ????????????????? | | = #?# ???????????# ????????????????? | | ## #??????????????# ????????????????? | | ## #??????????????# ????????????????? | | ## #??????????????###????????????????? | | ?# #?????????????????????????????????? | | ?# ????????????????????????????????? | | ?#+##+## #???????????????????????????????? | | ???????? #???????????????????????????????? | | ????????? ? ???????????????????????????? | | ????????? #???????????????????????????? | +----------------------------------------------------+ Best States ------------- Heat Dissipation 28 Energy Generation 14 Energy Capacity 680 Matter Stores 300 Matter Capacity 300 Sight Range 16 Terrain Scan Range 14 Terrain Scan Density 10 Armor Coverage 150 Power Shielding 33 Evasion (%) 40 Recoil Reduction 1 Item Schematics ----------------- None Robot Schematics ------------------ None Fabricated ------------ Nothing Alien Tech Used ----------------- None Achievements -------------- None Challenges ------------ None Game ------ Seed LatentCannonAutocannon Manual? 0 Play Time 00:22:09 Cumulative 120.7 hours Start 2020.09.28 @ 20:27:48 End 2020.09.28 @ 20:44:31 Sessions 1 Manual Loads 0 Difficulty Rogue Special Mode None Game No. 223 Rogue 223 Adventurer 0 Explorer 0 Win Type - Total 0 Types 0/0/0/0/0/0/0/0/0 Lore% 24 Gallery% 47 Achievement% 30 Wizard Run 0 Options --------- ASCII 0 Keyboard 1 Movement Numpad Keybinds 0 Fullscreen 2 Font 18/X11 Map View 76x50 Tactical HUD 1 Map Filters NONE Filters NONE Steam 1 RUN: 3741c019-02b3-4f92-b8b6-ff782086a946